AoeStats
← CptNonceFinder

Arabia

510591012Analyzed
4v4 RM · 6h ago on Oct 1, 2026· 44m 0s· 8 players
Game mode
Random Map
Map size
Large (8 player)
Population
200
Speed
Normal
Resources
Standard
Victory
Conquest
Starting age
Dark Age
Ending age
Imperial Age
RankedLock teamsTeams togetherTeam positionsShared explorationLock speedFull tech treeHidden civsTurbo modeCheats
Victory
Defeat
🇬🇧 Bulgarians · United Kingdom
849
+32
🇬🇧 Burgundians · United Kingdom
783
+21
🇬🇧 Magyars · United Kingdom
783
+21
🇬🇧 Maya · United Kingdom
778
+26
🇹🇷 Franks · Türkiye
754
-14
🇧🇷 Britons · Brazil
716
-12
🇦🇷 Romans · Argentina
709
-12
🇩🇰 Tupi · Denmark
703
-12
Mirliva1881
5:20 Loom
12:53 Feudal Age
15:27 Wheelbarrow
14:37 Town Watch
19:34 Castle Age
17:51 Double-Bit Axe
18:17 Gold Mining
19:26 Stone Mining
22:45 Husbandry
25:51 Scale Barding Armor
25:57 Forging
26:28 Bow Saw
26:58 Gold Shaft Mining
27:35 Hand Cart
29:43 Iron Casting
32:11 Chain Barding Armor
33:46 Masonry
33:16 Treadmill Crane
36:31 Imperial Age
37:03 Cavalier
38:22 Plate Barding Armor
38:48 Blast Furnace
38:45 Paladin
39:22 Fletching
42:26 Chemistry
41:42 Bodkin Arrow
Gobbor
0:38 Loom
9:33 Feudal Age
11:51 Double-Bit Axe
12:41 Horse Collar
13:57 Gold Mining
19:41 Stone Mining
25:37 Castle Age
24:14 Wheelbarrow
40:44 Bow Saw
42:09 Heavy Plow
capitaoJOE
10:20 Feudal Age
10:48 Double-Bit Axe
10:50 Horse Collar
12:39 Wheelbarrow
15:52 Gold Mining
19:58 Castle Age
21:01 Loom
24:11 Crossbowman
32:13 Stone Mining
32:39 Bow Saw
32:33 Heavy Plow
39:01 Padded Archer Armor
38:52 Fletching
39:20 Elite Skirmisher
40:18 Leather Archer Armor
ZayaTruco
10:56 Feudal Age
14:05 Horse Collar
17:48 Wheelbarrow
17:08 Double-Bit Axe
19:16 Gold Mining
19:21 Stone Mining
20:52 Scale Barding Armor
20:58 Forging
22:21 Bloodlines
26:14 Castle Age
26:55 Husbandry
26:16 Light Cavalry
27:22 Chain Barding Armor
27:38 Iron Casting
27:17 Heavy Plow
30:28 Hand Cart
37:02 Gold Shaft Mining
Crumb-Bum
9:08 Loom
11:07 Feudal Age
15:15 Forging
26:10 Castle Age
27:24 Arson
27:28 Gambesons
27:45 Squires
28:59 Iron Casting
34:31 Scale Barding Armor
36:46 Husbandry
36:57 Bloodlines
40:45 Imperial Age
38:46 Chain Barding Armor
43:05 Elite Konnik
John Hurtin
7:20 Loom
10:07 Feudal Age
10:17 Loom
11:40 Wheelbarrow
10:51 Loom
11:29 Double-Bit Axe
11:27 Horse Collar
17:10 Bloodlines
18:39 Scale Barding Armor
27:09 Castle Age
28:28 Hand Cart
28:21 Pikeman
29:08 Scale Mail Armor
29:29 Chain Barding Armor
29:43 Husbandry
30:33 Chain Mail Armor
37:32 Bow Saw
41:13 Imperial Age
39:05 Corvinian Army
40:58 Stone Mining
41:00 Gold Mining
43:46 Gold Shaft Mining
43:16 Heavy Plow
43:38 Masonry
43:24 Murder Holes
43:36 Halberdier
44:06 Arson
44:51 Conscription
CptNonceFinder
7:18 Loom
9:45 Feudal Age
11:44 Wheelbarrow
12:12 Double-Bit Axe
13:55 Horse Collar
16:12 Fletching
18:51 Wheelbarrow
24:04 Castle Age
23:10 Padded Archer Armor
25:48 Crossbowman
25:49 Elite Skirmisher
26:35 Thumb Ring
31:38 Bow Saw
32:26 Bodkin Arrow
34:08 Leather Archer Armor
37:16 Murder Holes
37:03 Treadmill Crane
39:15 Gold Mining
40:45 Ballistics
44:33 Imperial Age
perpetualsigh
4:29 Double-Bit Axe
7:42 Loom
9:47 Feudal Age
12:07 Bow Saw
13:02 Horse Collar
20:16 Wheelbarrow
23:31 Castle Age
22:46 Scale Barding Armor
22:51 Forging
22:42 Gold Mining
22:57 Heavy Plow
24:14 Husbandry
23:35 Cavalier
27:17 Chain Barding Armor
27:32 Iron Casting
39:06 Imperial Age
41:07 Chemistry
42:10 Plate Barding Armor
42:35 Blast Furnace
43:42 Paladin
Connection lost

Rejoining the realm…

Still unreachable

The connection could not be restored.

Session expired

The server has moved on; the page needs a fresh start.